 Dungeon Crawl Stone Soup version 0.17-a0-1850-g688e747 (webtiles) character file.

58248 4thArraOfDagon the Grappler (level 14, -7/119 HPs)
             Began as a Troll Chaos Knight on Sept 19, 2015.
             Was a High Priest of Cheibriados.
             Killed from afar by a deep elf annihilator (13 damage)
             ... with a poison arrow
             ... on level 3 of the Elven Halls.
             The game lasted 00:57:37 (8991 turns).

4thArraOfDagon the Grappler (Troll Chaos Knight)    Turns: 8991, Time: 00:57:37

Health: -7/119     AC: 16    Str: 42    XL:     14   Next: 48%
Magic:  27/27      EV: 17    Int: 26    God:    Cheibriados [*****.]
Gold:   252        SH: 15    Dex: 20    Spells: 3 memorised, 12 levels left

rFire  + . .     SeeInvis .       - Unarmed
rCold  + + .     Clarity  .     T - +2 robe {rN+}
rNeg   + . .     SustAt   .     l - +0 shield
rPois  +         Gourm    +     (helmet restricted)
rElec  +         Spirit   .     c - +2 cloak
rCorr  +         Warding  .     (gloves unavailable)
rMut   .         Stasis   .     (boots unavailable)
MR     +....                    (no amulet)
Stlth  ++........               D - +1 ring of evasion
                                z - ring "Typenom" {rC+ MP+9}

@: mighty, lethally poisoned (-7 -> -8), about to teleport, resistant, very
slightly contaminated, invisible, very slow, somewhat resistant to hostile
enchantments, unstealthy
A: unfitting armour, claws 3, rough black scales 1, slimy green scales 1, clumsy
1, fast metabolism 3, frail 1, gourmand, regeneration 2, screaming 1, shaggy fur
1, tough skin 2, no device heal 1
a: Bend Time, Temporal Distortion, Slouch, Step From Time, Renounce Religion


You were on level 3 of the Elven Halls.
You worshipped Cheibriados.
Cheibriados was extremely pleased with you.
You were not hungry.

You visited 4 branches of the dungeon, and saw 23 of its levels.
You visited the Abyss 1 time.
You also visited: Bailey.

You collected 1331 gold pieces.
You spent 1079 gold pieces at shops.

Inventory:

Hand weapons
 N - a +2 blowgun
Missiles
 H - 8 curare-tipped needles
 R - 8 javelins
 S - 7 large rocks (quivered)
Armour
 c - a +2 cloak (worn)
 l - a +0 shield (worn)
 T - a +2 robe of positive energy (worn)
Magical staves
 O - a cursed staff of earth
Jewellery
 z - the ring "Typenom" (left claw) {rC+ MP+9}
   (You found it on level 8 of the Dungeon)

   [ring of magical power]

   It protects you from cold.
   It affects your magic capacity (+9).
 D - a +1 ring of evasion (right claw)
Magical devices
 a - a wand of disintegration (7)
 e - a wand of confusion (14)
 n - a wand of fire (3)
 q - a wand of teleportation (4)
 u - a wand of confusion (16)
 C - a wand of digging (5)
 G - a wand of fire (6)
 L - a wand of digging (8)
 P - a wand of flame (20)
Scrolls
 g - a scroll of teleportation
 m - 6 scrolls of remove curse
 y - 2 scrolls of fog
 F - a scroll of noise
Potions
 d - 5 potions of brilliance
 j - 4 potions of flight
 o - 2 potions of might
 s - 5 potions of curing
 w - 2 potions of degeneration {unknown}
 B - a potion of magic
 I - a potion of cancellation
 J - a potion of resistance
 W - a potion of berserk rage
Books
 M - a book of the Earth

   Spells                             Type                      Level
   a - Leda's Liquefaction            Hexes/Earth                  4
   b - Bolt of Magma                  Conjuration/Fire/Earth       5
   c - Statue Form                    Transmutation/Earth          6
   d - Iron Shot                      Conjuration/Earth            6
   e - Shatter                        Earth                        9
Miscellaneous
 E - an ornate deck of changes {drawn: 2}
 Q - a lamp of fire
Comestibles
 b - 7 bread rations
 f - a royal jelly
 h - 5 meat rations
 i - 5 beef jerkies
 A - 11 slices of pizza
 K - 9 fruits


   Skills:
 - Level 7.0 Fighting
 - Level 8.0 Dodging
 - Level 11.0 Shields
 - Level 13.2 Unarmed Combat
 + Level 3.7 Spellcasting
 - Level 5.5 Translocations
 * Level 3.1 Transmutations
 * Level 4.0 Earth Magic
 - Level 7.1 Invocations


You had 12 spell levels left.
You knew the following spells:

 Your Spells              Type           Power        Failure   Level  Hunger
a - Apportation           Tloc           ####......   1%          1    None
b - Animate Skeleton      Necr           N/A          12%         1    None
c - Statue Form           Trmt/Erth      ###......    100%        6    #######


Dungeon Overview and Level Annotations

Branches:
Dungeon (15/15)            Temple (1/1) D:5            Lair (0/8) D:8
    Orc (4/4) D:9             Elf (3/3) Orc:3
 Vaults: D:13-14     Depths: D:15

Altars:
Ashenzari
Cheibriados
Dithmenos
Elyvilon
Fedhas
Kikubaaqudgha
Makhleb
Nemelex Xobeh
Okawaru
Qazlal
Ru
Sif Muna
Trog
Vehumet
Xom
Yredelemnul
Zin
The Shining One
Beogh

Shops:
Orc:4 %!!!   Elf:2 (

Annotations:
D:7 kae's ghost, experienced NaFi
Elf:3 Saint Roka


Innate Abilities, Weirdness & Mutations

You are too large for most types of armour.
You have claws for hands.
Your metabolism is lightning-fast.
You like to eat raw meat.
You heal very quickly.
You are covered in fur (AC +1).
You have very tough skin (AC +2).
You are partially covered in rough black scales (AC +4, Dex -1).
You are partially covered in slimy green scales (AC +2).
You are clumsy. (Dex -2)
You are frail (-10% HP).
You occasionally shout uncontrollably at your foes.
Potions and wands are less effective at restoring your health.


Message History

The deep elf blademaster hits you with an enchanted short sword!
* * * LOW HITPOINT WARNING * * *
The deep elf blademaster closely misses you.
Unknown command.
Unknown command.
Unknown command.
You completely miss the deep elf blademaster.
The deep elf blademaster is severely wounded.
Your surroundings suddenly seem different.
A deep elf fighter, a deep elf high priest and a deep elf annihilator come into view.
Unknown command.
Read which item? (? for menu, Esc to quit)
As you read the scroll of teleportation, it crumbles to dust.
You feel strangely unstable.
The deep elf annihilator points at you and mumbles some strange words.
The poison arrow hits you!
You are poisoned.
You partially resist.
You die...
Xom thinks this is hilarious!

.......
#.....
#....
#...#
#..e###
#.....#.#
#.....e.#
#@.......
#......e.
#........
#........
#........
##.......
##.....
#....


You could see a deep elf annihilator, a deep elf high priest and a deep elf
fighter (wandering).

Vanquished Creatures
  A deep elf blademaster (Elf:3)
  Roxanne (Elf:1)
  An orc warlord (Orc:4)
  Maud (D:13)
  A deep elf sorcerer (Elf:3)
  A draconian caller (Abyss:1)
  A deep elf demonologist (Elf:3)
  An ettin (Orc:3)
  3 deep elf annihilators (Elf:3)
  2 deep elf high priests (Elf:3)
  A hydra (D:14)
  2 centaur warriors
  A thrashing horror (Abyss:1)
  A soul eater (Abyss:1)
  5 orc high priests
  The ghost of bear the Carver, an experienced GrFi of Trog (D:9)
  5 deep elf knights
  4 unseen horrors
  3 wizards
  An ugly thing (D:13)
  3 orc knights
  3 deep elf conjurers
  2 hill giants (D:15)
  An orc sorcerer (Elf:3)
  2 cyclopes
  Maurice (Orc:3)
  A manticore (D:13)
  2 gargoyles
  A smoke demon (Abyss:1)
  An apocalypse crab (Abyss:1)
  The ghost of Duffy the Destroyer, an experienced VSCj (D:6)
  A guardian serpent (Abyss:1)
  3 kobold demonologists
  8 two-headed ogres
  3 deep elf priests
  6 trolls
  2 ancient zymes (Abyss:1)
  6 slime creatures
  A hornet zombie (D:15)
  A large abomination (Abyss:1)
  2 wraiths (D:14)
  2 wyverns
  9 deep elf fighters
  A neqoxec (Abyss:1)
  A hungry ghost (D:9)
  A basilisk (D:13)
  7 deep elf magi
  A shadow (D:12)
  3 vampire mosquitoes (D:15)
  2 wargs
  A swamp drake (D:9)
  An ice beast (D:9)
  A wasp (D:13)
  46 orc warriors
  4 sky beasts
  A black bear (D:9)
  A phantom (D:6)
  An eye of draining (D:13)
  18 ogres
  4 big kobolds
  7 giant frogs
  10 centaurs
  A gnoll sergeant (D:9)
  A wyvern zombie (D:14)
  3 scorpions
  5 wights (D:11)
  The ghost of stickyfingers the Vandal, a weakling MiAM (D:3)
  4 centaur zombies
  10 crimson imps
  4 jellies
  2 giant frog zombies
  3 iron imps (Abyss:1)
  24 orc wizards
  Crazy Yiuf (D:5)
  4 giant frog skeletons
  25 orc priests
  A wasp zombie (D:11)
  2 hounds
  4 centaur skeletons
  4 iguanas (D:9)
  7 worker ants
  A worker ant zombie (D:11)
  10 adders
  10 gnolls
  3 shadow imps
  2 white imps (D:9)
  An ooze (D:2)
  An adder skeleton (D:7)
  An adder zombie (D:9)
  2 worms
  A giant gecko (D:8)
  238 orcs
  A ball python (D:3)
  A bat (D:3)
  4 goblins
  4 hobgoblins
  6 jackals
  22 kobolds
  3 quokkas
  3 giant cockroaches
  A quokka skeleton (D:6)
  4 rats
635 creatures vanquished.

Vanquished Creatures (collateral kills)
  An orc warrior (Orc:4)
  An ogre (D:4)
  An adder (D:4)
  3 gnolls (D:4)
  13 orcs
  A kobold (D:13)
20 creatures vanquished.

Vanquished Creatures (others)
  A deep elf high priest (Elf:3)
  A hill giant (D:11)
  A centaur skeleton (D:11)
  A deep elf mage (D:14)
  A hungry ghost (D:5)
  An iguana (D:11)
  A killer bee zombie (D:6)
  2 orcs
9 creatures vanquished.

Grand Total: 664 creatures vanquished

Notes
Turn   | Place    | Note
--------------------------------------------------------------
     0 | D:1      | 4thArraOfDagon the Troll Chaos Knight began the quest for the Orb.
     0 | D:1      | Reached XP level 1. HP: 22/22 MP: 0/0
   113 | D:2      | Found a shattered altar of Ashenzari.
   115 | D:2      | Reached XP level 2. HP: 29/29 MP: 1/1
   164 | D:2      | Reached XP level 3. HP: 31/36 MP: 2/2
   209 | D:3      | Noticed stickyfingers's ghost (weakling MiAM)
   212 | D:3      | XOM: potion effect (agility)
   225 | D:3      | XOM: potion effect (berserk rage)
   227 | D:3      | Killed stickyfingers's ghost
   227 | D:3      | Reached skill level 4 in Unarmed Combat
   227 | D:3      | Reached XP level 4. HP: 44/44 MP: 3/3
   280 | D:3      | XOM: 2-stop teleportation journey
   353 | D:3      | XOM: enchant monster (good)
   416 | D:4      | Reached XP level 5. HP: 38/53 MP: 4/4
   428 | D:4      | Found a burning altar of Makhleb.
   428 | D:4      | Noticed a cacodemon
   452 | D:4      | XOM: summons 5 friendly demons
   555 | D:4      | XOM: god gift: 16 arrows of flame
   560 | D:4      | XOM: 3-stop teleportation journey
   598 | D:4      | Reached skill level 1 in Shields
   608 | D:4      | Noticed an ogre
   612 | D:4      | XOM: summons 5 friendly demons
   615 | D:4      | Killed an ogre
   615 | D:4      | Reached skill level 5 in Unarmed Combat
   615 | D:4      | Reached XP level 6. HP: 26/61 MP: 5/5
   643 | D:5      | Entered Level 5 of the Dungeon
   701 | D:5      | Noticed Crazy Yiuf
   721 | D:5      | Killed Crazy Yiuf
   777 | D:6      | Noticed Duffy's ghost (experienced VSCj)
   789 | D:5      | Gained mutation: You can translocate small distances at will. [mutagenic meat]
   790 | D:5      | Gained mutation: You are partially covered in rough black scales (AC +4, Dex -1). [mutagenic meat]
   791 | D:5      | Gained mutation: Scrolls take you a little longer to read. [mutagenic meat]
   792 | D:5      | Gained mutation: You are partially covered in slimy green scales (AC +2). [mutagenic meat]
   896 | D:5      | Reached XP level 7. HP: 64/67 MP: 6/6
   915 | D:5      | Noticed a hungry ghost
   926 | D:5      | Killed a hungry ghost
   926 | D:5      | XOM: divine lightning
  1085 | D:7      | Found a flagged portal.
  1128 | Bailey   | Entered a bailey
  1136 | Bailey   | Noticed a deep elf mage
  1140 | Bailey   | Killed a deep elf mage
  1140 | Bailey   | Reached skill level 6 in Unarmed Combat
  1162 | Bailey   | Noticed a deep elf priest
  1162 | Bailey   | Noticed a deep elf priest
  1162 | Bailey   | Noticed a deep elf mage
  1163 | Bailey   | Noticed a deep elf fighter
  1163 | Bailey   | Noticed a deep elf mage
  1320 | D:7      | XOM: 7-stop teleportation journey
  1381 | D:7      | Reached XP level 8. HP: 66/78 MP: 7/7
  1554 | D:6      | XOM: enchant monster (good)
  1572 | D:6      | Killed Duffy's ghost
  1572 | D:6      | Reached skill level 7 in Unarmed Combat
  1619 | D:6      | Found a bloodstained altar of Trog.
  1619 | D:6      | Found a sacrificial altar of Ru.
  1674 | D:6      | XOM: vitrification
  1800 | D:5      | Found a staircase to the Ecumenical Temple.
  1808 | Temple   | Entered the Ecumenical Temple
  1835 | Temple   | Fell from the grace of Xom
  1835 | Temple   | Became a worshipper of Cheibriados the Contemplative
  2014 | D:7      | Noticed kae's ghost (experienced NaFi)
  2039 | D:8      | Found a shimmering altar of Xom.
  2039 | D:8      | Found a glowing silver altar of Zin.
  2040 | D:8      | Noticed an angel
  2077 | D:8      | Got a heavily runed granite ring
  2086 | D:8      | Identified the ring "Typenom" {rC+ MP+9} (You found it on level 8 of the Dungeon)
  2118 | D:8      | Found a staircase to the Lair.
  2129 | D:8      | Found a sparkling altar of Nemelex Xobeh.
  2150 | D:8      | XOM: summons 8 hostile demons
  2151 | D:8      | Noticed a soul eater
  2201 | D:8      | Reached XP level 9. HP: 39/85 MP: 8/8
  2217 | D:8      | Acquired Cheibriados's first power
  2217 | D:8      | Reached skill level 1 in Invocations
  2241 | D:8      | Reached skill level 5 in Shields
  2505 | D:9      | Reached skill level 8 in Unarmed Combat
  2516 | D:9      | Reached skill level 5 in Fighting
  2612 | D:9      | XOM: 1-stop teleportation journey
  2671 | D:9      | Learned a level 1 spell: Apportation
  2673 | D:9      | Learned a level 1 spell: Animate Skeleton
  2733 | D:9      | Noticed bear's ghost (experienced GrFi)
  2824 | D:9      | Killed bear's ghost
  2824 | D:9      | Reached skill level 5 in Dodging
  2824 | D:9      | Reached skill level 1 in Translocations
  2872 | D:9      | Reached XP level 10. HP: 96/96 MP: 10/10
  2880 | D:9      | Found a white marble altar of Elyvilon.
  2880 | D:9      | XOM: medium Air miscast
  2923 | D:10     | Entered Level 10 of the Dungeon
  2961 | D:10     | Reached skill level 1 in Spellcasting
  3018 | D:10     | Acquired Cheibriados's second power
  3252 | D:11     | Noticed a hill giant
  3257 | D:11     | Killed a hill giant
  3257 | D:11     | Reached skill level 9 in Unarmed Combat
  3415 | D:11     | Acquired Cheibriados's third power
  3424 | D:11     | Gained mutation: You are frail (-10% HP). [mutagenic meat]
  3425 | D:11     | Gained mutation: You are occasionally teleported to nearby monsters. [mutagenic meat]
  3527 | D:12     | Noticed a tengu reaver
  3635 | D:11     | Noticed a six-headed hydra
  3846 | D:13     | Noticed a centaur warrior
  3854 | D:13     | Killed a centaur warrior
  3906 | D:13     | Noticed a manticore
  3924 | D:13     | Killed a manticore
  3941 | D:13     | Noticed a red ugly thing
  3957 | D:13     | Killed a red ugly thing
  3957 | D:13     | Reached XP level 11. HP: 94/94 MP: 12/12
  3967 | D:13     | Gained mutation: Your flesh is cold resistant. [mutagenic meat]
  3997 | D:13     | Noticed Maud
  4021 | D:13     | Killed Maud
  4021 | D:13     | Acquired Cheibriados's fourth power
  4024 | D:13     | Reached skill level 10 in Unarmed Combat
  4052 | D:13     | XOM: enchant monster (bad)
  4141 | D:14     | Noticed a wizard
  4156 | D:14     | Killed a wizard
  4285 | D:14     | Killed an unseen horror
  4515 | D:15     | Entered Level 15 of the Dungeon
  4644 | D:15     | Noticed a wizard
  4651 | D:15     | Noticed a wizard
  4660 | D:15     | Killed a wizard
  4660 | D:15     | Reached XP level 12. HP: 103/103 MP: 14/14
  4668 | D:15     | Killed a wizard
  4668 | D:15     | Reached skill level 5 in Translocations
  4716 | D:15     | XOM: mild Pois miscast
  4732 | D:15     | XOM: mild Hex miscast
  4795 | D:15     | Noticed a hill giant
  4803 | D:15     | Noticed a hill giant
  4808 | D:15     | Killed a hill giant
  4814 | D:15     | Killed a hill giant
  4814 | D:15     | Reached skill level 5 in Invocations
  4877 | D:14     | Noticed a centaur warrior
  4879 | D:14     | XOM: blink monster(s)
  4880 | D:14     | Killed a centaur warrior
  4897 | D:14     | XOM: severe Chrm miscast
  4911 | D:14     | Gained mutation: You tend to lose your temper in combat. [mutagenic glow]
  4932 | D:14     | Noticed a five-headed hydra
  4939 | D:14     | Killed a five-headed hydra
  4939 | D:14     | Reached skill level 11 in Unarmed Combat
  4969 | D:14     | XOM: noise
  5148 | D:9      | XOM: severe Erth miscast
  5224 | D:9      | Found a staircase to the Orcish Mines.
  5272 | Orc:1    | Entered Level 1 of the Orcish Mines
  5423 | Orc:3    | Noticed an ettin
  5432 | Orc:3    | Killed an ettin
  5468 | Orc:4    | Entered Level 4 of the Orcish Mines
  5468 | Orc:4    | XOM: summons friendly ufetubus
  5595 | Orc:4    | XOM: 4-stop teleportation journey
  5861 | Orc:4    | XOM: swap monsters
  6104 | Orc:4    | Noticed an orc warlord
  6106 | Orc:4    | Reached XP level 13. HP: 56/111 MP: 16/16
  6124 | Orc:4    | Killed an orc warlord
  6133 | Orc:4    | HP: 5/111 [orc priest/divine providence (13)]
  6269 | Orc:4    | Found a roughly hewn altar of Beogh.
  6287 | Orc:4    | Found Voyquure's Distillery.
  6360 | Orc:4    | Bought a potion of cure mutation for 560 gold pieces
  6360 | Orc:4    | Bought a potion of mutation for 40 gold pieces
  6360 | Orc:4    | Bought a potion of mutation for 40 gold pieces
  6360 | Orc:4    | Lost mutation: You tend to lose your temper in combat. [potion of cure mutation]
  6360 | Orc:4    | Lost mutation: Scrolls take you a little longer to read. [potion of cure mutation]
  6360 | Orc:4    | Lost mutation: You are frail (-10% HP). [potion of cure mutation]
  6360 | Orc:4    | Lost mutation: You can translocate small distances at will. [potion of cure mutation]
  6360 | Orc:4    | Lost mutation: Your flesh is cold resistant. [potion of cure mutation]
  6361 | Orc:4    | Gained mutation: You are weak. (Str -2) [potion of mutation]
  6362 | Orc:4    | Gained mutation: You can spit weak poison. [potion of mutation]
  6362 | Orc:4    | Gained mutation: You expend magic power (3 MP) to strengthen your wands. [potion of mutation]
  6363 | Orc:4    | Lost mutation: You are occasionally teleported to nearby monsters. [potion of cure mutation]
  6363 | Orc:4    | Lost mutation: You expend magic power (3 MP) to strengthen your wands. [potion of cure mutation]
  6363 | Orc:4    | Lost mutation: You can spit weak poison. [potion of cure mutation]
  6363 | Orc:4    | Lost mutation: You are weak. (Str -2) [potion of cure mutation]
  6502 | Orc:4    | Found Hukhex's Distillery.
  6507 | Orc:4    | Bought a potion of heal wounds for 70 gold pieces
  6507 | Orc:4    | Bought a potion of heal wounds for 70 gold pieces
  6507 | Orc:4    | Bought a potion of might for 56 gold pieces
  6507 | Orc:4    | Bought a potion of might for 56 gold pieces
  6626 | Orc:4    | Reached skill level 12 in Unarmed Combat
  6740 | Orc:4    | Found Guss's Distillery.
  6752 | Orc:4    | Bought a potion of agility for 44 gold pieces
  6752 | Orc:4    | Bought a potion of might for 44 gold pieces
  6767 | Orc:4    | Found a roughly hewn altar of Beogh.
  6798 | Orc:4    | Found Eppaed's Food Shop.
  6841 | Orc:4    | Bought a potion of curing for 33 gold pieces
  6841 | Orc:4    | Bought a potion of curing for 33 gold pieces
  6841 | Orc:4    | Bought a potion of curing for 33 gold pieces
  7034 | Orc:3    | Noticed Maurice
  7057 | Orc:3    | Killed Maurice
  7057 | Orc:3    | Reached skill level 10 in Shields
  7187 | Orc:3    | XOM: noise
  7348 | Orc:3    | Found a staircase to the Elven Halls.
  7363 | Elf:1    | Entered Level 1 of the Elven Halls
  7441 | Elf:1    | Noticed Roxanne
  7513 | Elf:1    | Killed Roxanne
  7523 | Elf:1    | Learned a level 6 spell: Statue Form
  7594 | Elf:1    | XOM: 1-stop teleportation journey
  7764 | Elf:1    | Noticed a deep elf demonologist
  7764 | Elf:2    | Found Xuebuu's Antique Weapon Shop.
  7768 | Elf:3    | Entered Level 3 of the Elven Halls
  7824 | Elf:3    | XOM: noise
  8068 | Elf:2    | Reached skill level 13 in Unarmed Combat
  8113 | Elf:2    | Reached XP level 14. HP: 47/133 MP: 18/18
  8220 | Elf:3    | XOM: medium Divn miscast
  8251 | Elf:3    | XOM: noise
  8273 | Elf:3    | Noticed a deep elf annihilator
  8280 | Elf:3    | Noticed a deep elf annihilator
  8285 | Elf:3    | Killed a deep elf annihilator
  8286 | Elf:3    | Killed a deep elf annihilator
  8301 | Elf:3    | Noticed a deep elf sorcerer
  8312 | Elf:3    | Killed a deep elf sorcerer
  8312 | Elf:3    | Reached skill level 1 in Earth Magic
  8316 | Elf:3    | Noticed a deep elf blademaster
  8326 | Elf:3    | Noticed a deep elf demonologist
  8328 | Elf:3    | Reached skill level 1 in Transmutations
  8332 | Elf:3    | Killed a deep elf demonologist
  8390 | Elf:3    | Noticed a deep elf annihilator
  8404 | Elf:3    | Killed a deep elf blademaster
  8426 | Elf:3    | Noticed a deep elf blademaster
  8426 | Elf:3    | Noticed a deep elf sorcerer
  8427 | Elf:3    | Noticed a deep elf annihilator
  8454 | Elf:3    | HP: 5/133 [deep elf blademaster/enchanted short sword (11)]
  8456 | Elf:3    | Cast into the Abyss (a deep elf sorcerer)
  8456 | Abyss:1  | XOM: noise
  8474 | Abyss:1  | XOM: give mutations
  8474 | Abyss:1  | Gained mutation: You expend magic power (3 MP) to strengthen your wands. [Xom's mischief]
  8474 | Abyss:1  | Gained mutation: You occasionally shout uncontrollably at your foes. [Xom's mischief]
  8474 | Abyss:1  | Gained mutation: You are frail (-10% HP). [Xom's mischief]
  8563 | Abyss:1  | XOM: divination: magic mapping
  8601 | Abyss:1  | XOM: medium Fire miscast
  8626 | Abyss:1  | Noticed a shadow dragon
  8629 | Abyss:1  | Found a corrupted altar of Lugonu.
  8814 | Abyss:1  | XOM: give mutations
  8814 | Abyss:1  | Lost mutation: You expend magic power (3 MP) to strengthen your wands. [Xom's mischief]
  8814 | Abyss:1  | Gained mutation: You are clumsy. (Dex -2) [Xom's mischief]
  8814 | Abyss:1  | Gained mutation: Potions and wands are less effective at restoring your health. [Xom's mischief]
  8918 | Abyss:3  | Found a corrupted altar of Lugonu.
  8933 | Abyss:4  | Found a corrupted altar of Lugonu.
  8941 | Abyss:5  | Entered Level 5 of the Abyss
  8950 | Abyss:5  | XOM: medium Hex miscast
  8961 | Abyss:5  | Identified Lokhum's Guide on Hexes (You found it on level 5 of the Abyss)
  8967 | Elf:3    | Escaped the Abyss
  8971 | Elf:3    | Killed a deep elf annihilator
  8982 | Elf:3    | Killed a deep elf sorcerer
  8983 | Elf:3    | Noticed Saint Roka
  8989 | Elf:3    | HP: 5/119 [deep elf blademaster/enchanted short sword (15)]
  8991 | Elf:3    | Noticed a deep elf annihilator
  8991 | Elf:3    | Killed from afar by a deep elf annihilator

Vault maps used:
D:1:      ldierk_walled_garden
D:2:      first_bread, ecumenical_altar_2, nicolae_ashenzari_panopticon,
          uniq_robin
D:4:      makhleb_altar_promises_db
D:5:      temple_statues, minmay_misc_feat_pillars, uniq_crazy_yiuf_cottage
D:6:      gammafunk_temple_overflow_elements, uniq_eustachio
D:7:      enter_bailey_2, uniq_menkaure
D:8:      grunt_temple_overflow_order_and_chaos_1,
          nicolae_overflow_crystal_walls, lair_0_dummy
D:9:      elyvilon_altar_5, erik_orc_1, grunt_pizzeria, minmay_nine_imps
D:11:     serial_shops, shop, lemuel_flame_loot_1
D:12:     kennysheep_funnel, serial_shops, shop
D:13:     kennysheep_generic_room_10, uniq_maud
D:14:     minmay_blocking_statues, david_vaults_4, minmay_misc_feat_square,
          nicolae_wwwww
D:15:     grunt_enter_depths_magical_seal, minmay_misc_feat_diagonals
Temple:   eino_narrow_crystal_temple_b_12
Orc:3:    nicolae_orc_pool_cavern, uniq_maurice
Orc:4:    pubby_orc_utopia, serial_shops
Elf:1:    minmay_elf_annihilation, grunt_megastairs_3, uniq_roxanne, uniq_aizul,
          uniq_agnes
Elf:2:    serial_shops, shop_statue, enter_trove_5, hangedman_elven_pyramids,
          due_unseen_surprise
Elf:3:    minmay_elf_hall_hex, roderic_roman_lattice, uniq_saint_roka
Abyss:3:  evilmike_abyss_rune_elephants, hangedman_abyss_sting
Abyss:4:  evilmike_abyss_rune_shrine, evilmike_abyss_exit_5
Bailey:   bailey_polearm_3, bailey

Action                   |  1- 3 |  4- 6 |  7- 9 | 10-12 | 13-15 || total
-------------------------+-------+-------+-------+-------+-------++-------
Melee: Unarmed           |    50 |   135 |   302 |   805 |   603 ||  1895
 Fire: Blowgun           |       |       |       |    15 |       ||    15
Throw: Large rock        |       |       |       |     7 |     5 ||    12
       Javelin           |       |       |       |     1 |       ||     1
 Cast: Animate Skeleton  |       |       |     1 |    17 |    19 ||    37
       Apportation       |       |       |       |     2 |     3 ||     5
Invok: Temporal Distorti |       |       |       |     3 |     8 ||    11
       Slouch            |       |       |       |     1 |     9 ||    10
Evoke: Wand              |       |     2 |     2 |       |    10 ||    14
       Deck              |       |       |       |       |     2 ||     2
       Lamp of fire      |       |       |       |       |     1 ||     1
  Use: Scroll            |       |     3 |     9 |     8 |    14 ||    34
       Potion            |       |       |     1 |     3 |    20 ||    24
 Stab: Sleeping          |       |       |     1 |     4 |     3 ||     8
       Distracted        |       |       |       |     2 |     1 ||     3
       Invisible         |       |       |       |       |    10 ||    10
  Eat: Chunk             |     6 |    11 |    29 |    30 |    22 ||    98
